Map: 2000 Atmospheres LE

Players

Harstem - Winner!

  • Race: Protoss Protoss

Lilbow

  • Race: Protoss Protoss

Event: DreamHack SC2 Masters 2021 Winter

VOD

Have the link to the VOD?

Description

Time

  • Played on: Oct. 6, 2021, 3:01 p.m.
  • Length: 10:41

All games in this series

Show
View Real Time Build Order
Export as new Build Order

Harstem Protoss - Winner!

Build Orders: Phoenix Opening, Blink Stalkers, Zealot Archon 

Get SALT Encoding   

  12  0:00  Probe  
  13  0:12  Probe  
  14  0:17  Pylon  
  14  0:24  Probe (Chrono Boost)  
  15  0:36  Probe (Chrono Boost)  
  15  0:37  Gateway  
  16  0:44  Probe (Chrono Boost)  
  16  0:48  Assimilator  
  17  0:51  Probe  
  17  0:54  Assimilator  
  18  1:03  Probe (Chrono Boost)  
  19  1:06  Gateway  
  19  1:13  Probe (Chrono Boost)  
  19  1:18  Probe (Chrono Boost)  
  20  1:24  Cybernetics Core  
  21  1:30  Probe  
  22  1:35  Pylon  
  22  1:42  Probe  
  23  1:54  Probe  
  23  2:00  Stalker  
  23  2:01  Stalker, Warp Gate  
  28  2:06  Probe  
  29  2:12  Pylon  
  29  2:30  Pylon  
  29  2:31  Sentry  
  31  2:37  Sentry  
  32  2:44  Nexus  
  32  2:47  Probe  
  33  2:56  Twilight Council  
  33  2:59  Probe  
  33  3:04  Phoenix  
  33  3:05  Shield Battery  
  34  3:14  Pylon  
  34  3:15  Probe  
  36  3:27  Blink (Chrono Boost), Probe (Chrono Boost)  
  36  3:39  Probe (Chrono Boost)  
  37  3:45  Probe (Chrono Boost)  
  38  3:53  Phoenix  
  39  3:56  Probe (Chrono Boost)  
  39  3:57  Probe (Chrono Boost)  
  40  4:06  Nexus  
  40  4:07  Probe (Chrono Boost)  
  40  4:09  Probe (Chrono Boost), Sentry  
  44  4:12  Probe (Chrono Boost)  
  45  4:17  Stalker  
  45  4:18  Probe  
  45  4:23  Phoenix  
  48  4:25  Forge  
  48  4:26  Probe  
  48  4:30  Probe  
  50  4:34  Stalker  
  50  4:38  Probe  
  53  4:42  Probe  
  53  4:44  Stalker  
  56  4:45  Pylon  
  56  4:50  Probe  
  57  4:53  Robotics Facility  
  57  4:54  Probe  
  57  4:58  Assimilator  
  58  5:02  Pylon  
  58  5:05  Stalker  
  58  5:06  Probe  
  61  5:11  Probe (Chrono Boost)  
  62  5:14  Stalker  
  62  5:16  Protoss Ground Weapons Level 1 (Chrono Boost)  
  62  5:18  Probe (Chrono Boost)  
  66  5:24  Probe (Chrono Boost), Charge  
  66  5:26  Probe (Chrono Boost)  
  66  5:27  Probe (Chrono Boost)  
  68  5:31  Stalker, Probe (Chrono Boost)  
  68  5:33  Probe  
  73  5:39  Shield Battery  
  73  5:40  Immortal (Chrono Boost)  
  72  5:44  Probe  
  72  5:46  Phoenix, Probe  
  72  5:47  Probe  
  79  5:53  Gateway  
  79  5:57  Probe  
  80  6:00  Probe  
  80  6:01  Probe  
  80  6:02  Gateway  
  82  6:10  Pylon  
  82  6:12  Immortal  
  82  6:15  Stalker x2  
  86  6:28  Phoenix, Probe  
  87  6:32  Gateway  
  87  6:34  Gateway, Pylon  
  87  6:36  Probe  
  88  6:41  Gateway  
  88  6:42  Gateway  
  88  6:44  Zealot  
  88  6:45  Zealot  
  88  6:46  Probe, Pylon  
  93  6:52  Observer (Chrono Boost), Probe x2  
  93  6:53  Assimilator  
  96  6:58  Probe, Templar Archives  
  96  6:59  Zealot x2  
  101  7:01  Pylon  
  101  7:04  Probe  
  101  7:07  Zealot x2  
  107  7:10  Warp Prism (Chrono Boost)  
  108  7:21  Protoss Ground Weapons Level 2 (Chrono Boost)  
  108  7:22  Pylon  
  109  7:23  Zealot x2, Pylon  
  112  7:32  Pylon  
  112  7:37  High Templar  
  112  7:38  High Templar  
  112  7:41  Zealot x4  
  112  7:42  Archon  
  124  7:45  Pylon  
  124  7:52  Zealot x2  
  126  8:03  Zealot x4  
  112  8:09  Zealot x4  
  112  8:10  Nexus  
  98  8:20  Zealot x4  
  98  8:22  Immortal  
  98  8:26  Shield Battery  
  110  8:27  Probe  
  110  8:29  Assimilator  
  110  8:30  Zealot, High Templar x2  
  117  8:34  Photon Cannon  
  117  8:37  Photon Cannon  
  117  8:41  Archon  
  117  8:43  Zealot  
  117  8:46  High Templar x2  
  117  8:47  Zealot  
  125  8:48  Pylon  
  125  8:50  Probe  
  125  8:51  Probe  
  125  8:55  Archon  
  127  8:58  Photon Cannon  
  127  9:02  Zealot x3  
  133  9:13  Zealot x3  
  137  9:21  High Templar x2  
  141  9:25  Archon  
  141  9:30  Zealot  
  141  9:31  Zealot x2, Robotics Bay  
  145  9:38  Zealot x3  
  146  9:43  Shield Battery  
  148  9:51  Zealot x3  
  150  9:53  Photon Cannon  
  150  9:55  Zealot x2  
  154  10:03  Zealot x3  
  154  10:04  Probe  
  154  10:05  Probe  
  154  10:06  Probe  
  141  10:08  Probe  
  141  10:11  Zealot  
  141  10:12  Zealot x2  
Show
View Real Time Build Order
Export as new Build Order

Lilbow Protoss 

Build Orders: Phoenix Opening, Blink Stalkers, Zealot Archon 

Get SALT Encoding   

  12  0:00  Probe  
  13  0:12  Probe  
  14  0:17  Pylon  
  14  0:24  Probe (Chrono Boost)  
  15  0:36  Gateway, Probe (Chrono Boost)  
  16  0:43  Probe (Chrono Boost)  
  16  0:46  Assimilator  
  17  0:51  Probe  
  18  1:03  Probe (Chrono Boost)  
  19  1:04  Assimilator  
  19  1:12  Probe (Chrono Boost)  
  19  1:14  Gateway  
  19  1:17  Probe (Chrono Boost)  
  20  1:23  Cybernetics Core  
  21  1:29  Probe  
  22  1:34  Pylon  
  22  1:41  Probe  
  23  1:53  Probe  
  24  2:00  Stalker, Warp Gate  
  26  2:01  Stalker  
  28  2:12  Pylon  
  28  2:30  Sentry, Pylon  
  30  2:41  Probe (Chrono Boost), Sentry  
  33  2:45  Nexus  
  33  2:53  Probe (Chrono Boost)  
  33  2:56  Pylon  
  36  2:58  Probe (Chrono Boost), Sentry  
  36  3:04  Phoenix  
  37  3:08  Probe (Chrono Boost), Shield Battery  
  39  3:20  Twilight Council, Probe (Chrono Boost)  
  39  3:26  Probe (Chrono Boost)  
  40  3:32  Forge  
  40  3:34  Probe  
  41  3:46  Probe  
  42  3:53  Blink (Chrono Boost)  
  42  3:58  Phoenix, Probe (Chrono Boost)  
  42  4:00  Probe (Chrono Boost)  
  44  4:05  Protoss Ground Weapons Level 1  
  46  4:10  Probe (Chrono Boost)  
  46  4:13  Probe (Chrono Boost)  
  46  4:14  Probe (Chrono Boost)  
  46  4:16  Assimilator  
  47  4:20  Stalker x2  
  47  4:21  Probe  
  52  4:25  Probe  
  53  4:33  Probe  
  53  4:37  Probe  
  55  4:39  Robotics Facility  
  55  4:48  Phoenix  
  55  4:49  Probe  
  55  4:52  Pylon  
  56  4:54  Stalker x2  
  56  4:59  Nexus  
  60  5:10  Gateway  
  60  5:11  Gateway  
  60  5:18  Stalker x2  
  64  5:21  Shield Battery  
  64  5:24  Probe  
  64  5:26  Probe  
  64  5:36  Probe  
  64  5:38  Probe  
  64  5:39  Charge  
  64  5:41  Stalker  
  64  5:42  Stalker  
  70  5:50  Pylon  
  70  6:08  Probe x2  
  70  6:09  Observer  
  73  6:15  Probe  
  74  6:21  Probe x2  
  74  6:28  Zealot x3, Probe (Chrono Boost)  
  74  6:29  Zealot  
  83  6:33  Probe x2 (Chrono Boost)  
  83  6:34  Protoss Ground Weapons Level 2 (Chrono Boost)  
  86  6:40  Nexus, Probe (Chrono Boost)  
  86  6:43  Probe x2 (Chrono Boost)  
  86  6:46  Probe (Chrono Boost)  
  89  6:47  Pylon  
  89  6:48  Probe x2 (Chrono Boost)  
  91  6:54  Probe  
  91  6:55  Pylon  
  91  6:59  Probe  
  93  7:02  Gateway  
  93  7:03  Gateway  
  93  7:04  Gateway  
  93  7:05  Probe  
  93  7:06  Probe, Templar Archives  
  93  7:08  Photon Cannon  
  95  7:14  Probe  
  96  7:17  Probe  
  96  7:18  Probe, Shield Battery  
  96  7:22  Zealot x4, Pylon  
  106  7:27  Probe  
  106  7:28  Warp Prism  
  109  7:39  Gateway  
  109  7:40  Gateway  
  109  7:44  High Templar x2  
  111  7:45  High Templar x2  
  111  7:48  Archon  
  111  7:49  Archon  
  117  7:53  Gateway  
  117  7:54  Gateway  
  115  7:58  Gateway  
  115  8:02  Zealot x3  
  94  8:17  Zealot x4  
  96  8:23  High Templar  
  96  8:24  Zealot, High Templar  
  102  8:28  Archon  
  102  8:32  Pylon  
  102  8:35  Assimilator  
  102  8:36  Observer  
  102  8:37  Zealot x2  
  102  8:38  Zealot x4  
  115  8:41  Pylon  
  115  8:46  Gateway  
  115  8:51  Zealot x3  
  115  8:53  Zealot  
  123  8:59  Zealot x2  
  123  9:00  Zealot x6  
  139  9:18  Stalker x2  
  139  9:20  Pylon  
  139  9:21  Pylon  
  139  9:23  Pylon x2  
  143  9:30  Photon Cannon  
  141  9:41  Zealot x2  
  143  9:46  Zealot x8  
  143  9:47  Zealot x2  
  163  10:04  Zealot x2  
  163  10:06  Zealot x2  
  163  10:07  Zealot x8  
  109  10:18  Probe x2  

Tags
 
Add a new tag
Caveats
  • Supply blocks, unpowered buildings, or Contaminate may cause inaccurate times.
  • Supply counts are checked every 10 seconds.